 Dungeon Crawl Stone Soup version 0.31.0-12-g77e489cdc1 (webtiles) character file.

Game seed: 1383114492289718012

1533033 karambola the Sorcerer (level 27, 170/170 HPs)
             Began as an Octopode Alchemist on Feb 14, 2024.
             Was the Champion of Ashenzari.
             Escaped with the Orb
             ... and 3 runes on Feb 17, 2024!
             The game lasted 09:48:13 (81254 turns).

karambola the Sorcerer (Octopode Alchemist)        Turns: 81254, Time: 09:48:14

Health: 170/170    AC: 10    Str: 13    XL:     27
Magic:  63/63      EV: 28    Int: 25    God:    Ashenzari [******]
Gold:   5978       SH: 32    Dex: 27    Spells: 6/80 levels left

rFire   + . .        B - +6 falchion "Esoteric Seeker" {heavy, *Slow rPois rC+ Will+++, Dev, Self} (curse)
rCold   + + +        s - +8 tower shield of Toth-Mos's Legacy {AC+3, Elem, Comp} (curse)
rNeg    + . .        q - +2 hat of the Unveiling Doubts {Elem, Self} (curse)
rPois   +            k - amulet of Ashenzari's the Ego {RegenMP Fly rPois rC++ rCorr, Dev, Melee} (curse)
rElec   +            f - ring of the Cryptic Seer {Wiz, Bglg, Fort} (curse)
rCorr   +            u - ring of the Fated Relativism {Dex+6, Cun, Comp} (curse)
SInv    +            w - ring of Ashenzari's Servitude {rN+, Fort, Cun} (curse)
Will    +++++        c - ring "Behold Eternity" {rElec rF+ Will+ Str+4, Cun, Elem} (curse)
Stlth   +++          E - ring of the Esoteric Comet {MP+9, Self, Cun} (curse)
HPRegen 0.48/turn    O - ring of Ashenzari's Paranoia {AC+4, Elem, Dev} (curse)
MPRegen 0.78/turn    H - ring "Chained With Me" {Dex+6, Bglg, Dev} (curse)
                     j - ring of Supernal Wisdom {EV+5, Self, Sorc} (curse)

%: slow self (1%), clarity, wizardry (x1)
@: flying, hasted, very quick
A: almost no armour, amphibious, 8 rings, camouflage 1, gelatinous body 1,
(nimble swimmer 1), tentacles, deterioration 1, dopey 1, screaming 1, devolution
1
0: Orb of Zot
}: 3/15 runes: barnacled, silver, gossamer
a: Renounce Religion, Shatter the Chains


You escaped.
You worshipped Ashenzari.
Ashenzari was exalted by your worship.
You visited 10 branches of the dungeon, and saw 48 of its levels.
You visited 2 bazaars.
You also visited: Bailey, Ice Cave and Wizlab.

You collected 9247 gold pieces.
You spent 3269 gold pieces at shops.

Inventory:

Hand Weapons
 B - the cursed +6 falchion "Esoteric Seeker" (weapon) {heavy, *Slow rPois rC+ Will+++, Dev, Self}
   (You found it on level 7 of the Dungeon)

   rC+:       It protects you from cold.
   rPois:     It protects you from poison Will+++: It greatly increases your
   willpower.
   *Slow:     It may slow you when you take damage.
   It has a curse which improves the following skills: Devices: Evocations and
   Shapeshifting.
   Introspection: Fighting and Spellcasting.
Armour
 q - the cursed +2 hat of the Unveiling Doubts (worn) {Elem, Self}
   (You found it on level 1 of the Spider Nest)

   It has a curse which improves the following skills: Elements: Fire Magic, Ice
   Magic, Air Magic and Earth Magic.
   Introspection: Fighting and Spellcasting.
 s - the cursed +8 tower shield of Toth-Mos's Legacy (worn) {AC+3, Elem, Comp}
   (You took it off Louise on level 1 of the Spider Nest)

   It has a curse which improves the following skills: Elements: Fire Magic, Ice
   Magic, Air Magic and Earth Magic.
   Companions: Summonings and Necromancy.
Jewellery
 c - the cursed ring "Behold Eternity" (on tentacle) {rElec rF+ Will+ Str+4, Cun, Elem}
   (You acquired it on level 6 of the Dungeon)

   [ring of willpower]

   Str+4:     It affects your strength (+4).
   rF+:       It protects you from fire.
   rElec:     It insulates you from electricity.
   Will+:     It increases your willpower.
   It has a curse which improves the following skills: Cunning: Dodging and
   Stealth.
   Elements:  Fire Magic, Ice Magic, Air Magic and Earth Magic.
 f - the cursed ring of the Cryptic Seer (left tentacle) {Wiz, Bglg, Fort}
   (You found it on level 1 of the Dungeon)

   [ring of wizardry]

   Wiz:       It improves your spell success rate.
   It has a curse which improves the following skills: Beguiling: Hexes and
   Translocations.
   Fortitude: Shields.
 j - the cursed ring of Supernal Wisdom (on tentacle) {EV+5, Self, Sorc}
   (You found it on level 2 of the Lair of Beasts)

   [ring of evasion]

   EV+5:      It affects your evasion (+5).
   It has a curse which improves the following skills: Introspection: Fighting
   and Spellcasting.
   Sorcery:   Conjurations and Alchemy.
 k - the cursed amulet of Ashenzari's the Ego (around mantle) {RegenMP Fly rPois rC++ rCorr, Dev, Melee}
   (You found it on level 2 of the Vaults)

   [amulet of magic regeneration]

   RegenMP:   It increases your rate of magic regeneration.
   rC++:      It greatly protects you from cold.
   rPois:     It protects you from poison Fly: It grants you flight.
   rCorr:     It protects you from acid and corrosion.
   It has a curse which improves the following skills: Devices: Evocations and
   Shapeshifting.
   Melee Combat: Short Blades, Long Blades, Axes, Maces & Flails, Polearms,
   Staves and Unarmed Combat.
 p - the ring of Veoby {Wiz rElec}
   (You found it on level 3 of the Depths)

   [ring of wizardry]

   Wiz:       It improves your spell success rate.
   rElec:     It insulates you from electricity.
 u - the cursed ring of the Fated Relativism (right tentacle) {Dex+6, Cun, Comp}
   (You found it on level 2 of the Lair of Beasts)

   [ring of dexterity]

   Dex+6:     It affects your dexterity (+6).
   It has a curse which improves the following skills: Cunning: Dodging and
   Stealth.
   Companions: Summonings and Necromancy.
 w - the cursed ring of Ashenzari's Servitude (on tentacle) {rN+, Fort, Cun}
   (You found it on level 6 of the Dungeon)

   [ring of positive energy]

   rN+:       It protects you from negative energy.
   It has a curse which improves the following skills: Fortitude: Shields.
   Cunning:   Dodging and Stealth.
 E - the cursed ring of the Esoteric Comet (on tentacle) {MP+9, Self, Cun}
   (You found it on level 7 of the Dungeon)

   [ring of magical power]

   MP+9:      It affects your magic capacity (+9).
   It has a curse which improves the following skills: Introspection: Fighting
   and Spellcasting.
   Cunning:   Dodging and Stealth.
 H - the cursed ring "Chained With Me" (on tentacle) {Dex+6, Bglg, Dev}
   (You took it off an orc warrior on level 9 of the Dungeon)

   [ring of dexterity]

   Dex+6:     It affects your dexterity (+6).
   It has a curse which improves the following skills: Beguiling: Hexes and
   Translocations.
   Devices:   Evocations and Shapeshifting.
 O - the cursed ring of Ashenzari's Paranoia (on tentacle) {AC+4, Elem, Dev}
   (You found it on level 9 of the Dungeon)

   [ring of protection]

   AC+4:      It affects your AC (+4).
   It has a curse which improves the following skills: Elements: Fire Magic, Ice
   Magic, Air Magic and Earth Magic.
   Devices:   Evocations and Shapeshifting.
 W - a +6 ring of strength
Talismans
 y - a granite talisman
Wands
 m - a wand of mindburst (34)
 r - a wand of acid (16)
 z - a wand of roots (55)
 D - a wand of charming (38)
 J - a wand of flame (21)
 N - a wand of digging (1)
 S - a wand of polymorph (31)
Scrolls
 i - 9 scrolls of amnesia
 n - 9 scrolls of immolation
 v - 12 scrolls of teleportation
 A - 5 scrolls of vulnerability
 C - 4 scrolls of poison
 F - 2 scrolls of blinking
 G - 10 scrolls of fog
 I - 3 scrolls of summoning
 K - 2 scrolls of torment
 M - 11 scrolls of fear
 P - 5 scrolls of revelation
 Z - 2 scrolls of silence
Potions
 a - 2 potions of magic
 b - 3 potions of enlightenment
 d - 27 potions of curing
 e - 3 potions of resistance
 g - 3 potions of cancellation
 h - 9 potions of mutation
 t - a potion of berserk rage
 x - 2 potions of invisibility
 Q - 12 potions of lignification
 T - 7 potions of brilliance
 V - a potion of heal wounds
 Y - 11 potions of ambrosia
Miscellaneous
 l - a phial of floods
 o - a lightning rod (4/4)
 R - a condenser vane
 U - a phantom mirror
 X - a sack of spiders


   Skills:
 + Level 4.5(9.6) Fighting
 + Level 0.6(4.9) Short Blades
 + Level 7.2(9.8) Long Blades
 + Level 6.7(12.3) Dodging
 + Level 6.9(12.4) Stealth
 + Level 14.0(17.6) Shields
 + Level 22.4(27) Spellcasting
 * Level 16.3(18.6) Conjurations
 * Level 13.8(17.3) Summonings
 * Level 14.5(20.2) Fire Magic
 - Level 10.1(15.7) Ice Magic
 * Level 14.2(19.8) Air Magic
 * Level 15.2(20.8) Earth Magic
 - Level 11.8(14.2) Alchemy
 * Level 13.4(19.1) Evocations
 * Level 11.6(17.3) Shapeshifting


You had 6 spell levels left.
You knew the following spells:

 Your Spells              Type           Power      Damage    Failure   Level
a - Sting                 Conj/Alch      100%       1d9       0%          1
b - Olgreb's Toxic Radia  Alch           81%        N/A       1%          4
c - Sticky Flame          Fire/Alch      88%        2d13      0%          4
d - Swiftness             Air            93%        N/A       0%          3
e - Summon Lightning Spi  Summ/Air       91%        N/A       0%          4
f - Passwall              Erth           95%        N/A       0%          3
g - Lee's Rapid Deconstr  Erth           47%        3d23*     0%          5
h - Orb of Destruction    Conj           45%        9d12      1%          7
i - Freezing Cloud        Conj/Ice/Air   45%        6-21      1%          5
j - Maxwell's Capacitive  Air            46%        ∞         1%          8
k - Summon Hydra          Summ           44%        N/A       1%          7
l - Irradiate             Conj/Alch      43%        3d26      1%          5
m - Ignite Poison         Fire/Alch      88%        N/A       0%          4
n - Plasma Beam           Fire/Air       46%        2x1d61    1%          6
o - Lehudib's Crystal Sp  Conj/Erth      46%        10d11     2%          8

Your spell library contained the following spells:

 Spells                   Type           Power      Damage    Failure   Level
 Shock                    Conj/Air       100%       1d9       0%          1
 Call Imp                 Summ           100%       N/A       0%          2
 Mercury Vapours          Alch/Air       100%       N/A       0%          2
 Call Canine Familiar     Summ           88%        N/A       0%          3
 Frozen Ramparts          Ice            100%       1d16      0%          3
 Hailstorm                Conj/Ice       88%        3d14      0%          3
 Mephitic Cloud           Conj/Alch/Air  88%        N/A       0%          3
 Stone Arrow              Conj/Erth      100%       3d13      0%          3
 Summon Ice Beast         Ice/Summ       86%        N/A       0%          3
 Airstrike                Air            46%        2d(7-23)  0%          4
 Brom's Barrelling Bould  Conj/Erth      93%        2d10      0%          4
 Flame Wave               Conj/Fire      92%        2d19      0%          4
 Leda's Liquefaction      Alch/Erth      44%        N/A       0%          4
 Petrify                  Alch/Erth      88%        N/A       0%          4
 Summon Blazeheart Golem  Fire/Summ      91%        N/A       0%          4
 Apportation              Tloc           72%        N/A       1%          1
 Slow                     Hex            100%       N/A       1%          1
 Blink                    Tloc           72%        N/A       1%          2
 Cigotuvi's Dreadful Rot  Necr/Alch/Air  100%       N/A       1%          2
 Ensorcelled Hibernation  Hex/Ice        100%       N/A       1%          2
 Jinxbite                 Hex            72%        N/A       1%          2
 Lesser Beckoning         Tloc           72%        N/A       1%          2
 Momentum Strike          Conj/Tloc      100%       3d10      1%          2
 Sublimation of Blood     Necr           36%        N/A       1%          2
 Inner Flame              Hex/Fire       71%        N/A       1%          3
 Volatile Blastmotes      Fire/Tloc      100%       2d18      1%          3
 Iskenderun's Mystic Bla  Conj/Tloc      69%        2d14      1%          4
 Vhi's Electric Charge    Tloc/Air       100%       N/A       1%          4
 Alistair's Intoxication  Alch           54%        N/A       1%          5
 Arcjolt                  Conj/Air       46%        1d56      1%          5
 Borgnjor's Vile Clutch   Necr/Erth      36%        N/A       1%          5
 Fireball                 Conj/Fire      46%        3d18      1%          5
 Iskenderun's Battlesphe  Conj           91%        2d14      1%          5
 Metabolic Englaciation   Hex/Ice        32%        N/A       1%          5
 Summon Forest            Summ/Tloc      34%        N/A       1%          5
 Summon Mana Viper        Hex/Summ       68%        N/A       1%          5
 Yara's Violent Unravell  Hex/Alch       31%        3d13      1%          5
 Conjure Ball Lightning   Conj/Air       46%        3x3d16    1%          6
 Eringya's Noxious Bog    Alch           40%        4d6       1%          6
 Starburst                Conj/Fire      46%        6d13      1%          6
 Summon Cactus Giant      Summ           44%        N/A       1%          6
 Confusing Touch          Hex            36%        N/A       2%          3
 Sigil of Binding         Hex            36%        N/A       2%          3
 Tukima's Dance           Hex            36%        N/A       2%          3
 Vampiric Draining        Necr           36%        2d8       2%          3
 Animate Dead             Necr           36%        N/A       9%          4
 Cause Fear               Hex            18%        N/A       9%          4
 Dimensional Bullseye     Hex/Tloc       18%        N/A       9%          4
 Manifold Assault         Tloc           36%        N/A       9%          4
 Death Channel            Necr           18%        N/A       75%         6
 Dispersal                Tloc           18%        N/A       75%         6
 Monstrous Menagerie      Summ           44%        N/A       1%          7
 Spellforged Servitor     Conj/Summ      44%        N/A       1%          7
 Shatter                  Erth           47%        3d36*     21%         9
 Fire Storm               Conj/Fire      46%        8d12      34%         9
 Chain Lightning          Conj/Air       46%        3d61      36%         9
 Dragon's Call            Summ           44%        N/A       61%         9
 Disjunction              Tloc           18%        N/A       100%        8
 Animate Armour           Summ/Erth      Unusable   N/A       N/A         4

Dungeon Overview and Level Annotations

Branches:
Dungeon (15/15)            Temple (1/1) D:4            Lair (5/5) D:10
 Shoals (4/4) Lair:3       Spider (4/4) Lair:2        Slime (0/5) Lair:5
    Orc (2/2) D:10            Elf (3/3) Orc:2        Vaults (5/5) D:14
  Crypt (0/3) Vaults:3     Depths (4/4) D:15            Zot (5/5) Depths:4
 Bailey (visited)           IceCv (visited)          WizLab (visited)

Altars:
Ashenzari
Cheibriados
Dithmenos
Elyvilon
Fedhas
Gozag
Hepliaklqana
Kikubaaqudgha
Makhleb
Nemelex Xobeh
Okawaru
Qazlal
Ru
Sif Muna
Trog
Uskayaw
Vehumet
Wu Jian
Xom
Yredelemnul
Zin
The Shining One
Jiyva
Lugonu

Shops:
D:4 *   D:9 (   D:11 !   D:12 **   Orc:2 (*[*   Elf:1 ?!*   Vaults:3 (
Vaults:5 ?[   Depths:4 ([=

Portals:
Hell: Depths:1 Depths:2 Depths:3 Depths:4
Abyss: Depths:2 Depths:3 Depths:4
Pandemonium: Depths:1 Depths:2
Ziggurat: Depths:2

Annotations:
D:8 2 transporters, exclusion: oklob plant, ongoing's ghost, novice MiFi
Lair:3 2 transporters
Shoals:1 3 runed translucent doors, Mlioglotl; Roxanne


Innate Abilities, Weirdness & Mutations

You cannot wear most types of armour.
You are amphibious.
You can wear up to eight rings at the same time.
Your skin changes colour to match your surroundings (Stealth+).
Your rubbery body absorbs attacks. (AC +1, EV +1)
((You are camouflaged when in or above water. (Stealth+)))
You have tentacles for arms and can constrict up to eight enemies at once.
Your body sometimes deteriorates upon taking damage.
You are dopey. (Int -2)
You occasionally shout uncontrollably at your foes.
You have hidden genetic defects.


Message History

This square is covered in magical glow.
You fly upwards.
Level annotation: 2 transporters, exclusion: oklob plant, ongoing's ghost, novice MiFi
There is a stone staircase leading down here.
There is a stone staircase leading up here.
HP restored.
You fly upwards.
There is a stone staircase leading down here.
You sense a monster nearby.
An Orb Guardian comes into view.
The Orb Guardian moves out of view.
You block the Orb Guardian's attack.
Blink to where?
Press: ? - help, Dir - move target
As you read the scroll of blinking, it crumbles to dust.
You fly upwards.
There is a stone staircase leading down here.
You sense a monster nearby.
There is a stone staircase leading up here.
You fly upwards.
There is a stone staircase leading down here.
An Orb Guardian comes into view.
Blink to where?
Press: ? - help, Dir - move target
As you read the scroll of blinking, it crumbles to dust.
You fly upwards.
There is a stone staircase leading down here.
There is a stone staircase leading up here.
You fly upwards.
There is a stone staircase leading down here.
A tormentor comes into view.
You feel yourself speed up.
There is a stone staircase leading up here.
You fly upwards.
There is a stone staircase leading down here.
There is a stone staircase leading up here.
You fly upwards.
There is a stone staircase leading down here.
There is a staircase leading out of the dungeon here.
You have escaped!

#......#######.#.##.......####
#..###.........#....##)#..#
#.####################.#..#
#............^.........#..#
#...######......######.#..#
#......................#..#
#...##..##......##..##.#..##
#................).....#...###
############>@###########....#
######## #### #.##.# #......#
#.##.# #......# #.##..
#......# ##### #.####
#......####...#########.# #
#......'..'..........†..# #
#......####...##############
#...........................


There were no monsters in sight!

Vanquished Creatures
  2 dread liches
  4 ancient liches
  3 orbs of fire (Zot:5)
  Mara (Vaults:2)
  2 Killer Klowns (Zot:5)
  Boris (Depths:4)
  3 curse toes (Zot:4)
  3 golden dragons
  Arachne (Spider:4)
  2 bone dragons (Depths:4)
  An electric golem (Zot:5)
  A walking crystal tome (Depths:4)
  A walking earthen tome (WizLab)
  Zenata (Vaults:2)
  23 Orb Guardians
  3 tentacled monstrosities
  6 liches
  A walking divine tome (Depths:3)
  8 titans
  3 deep elf blademasters
  2 deep elf master archers (Elf:3)
  A sphinx (Vaults:3)
  7 quicksilver dragons
  4 tengu reavers
  4 shadow dragons
  15 storm dragons
  Agnes (Spider:1)
  9 death cobs
  2 draconian monks (Zot:5)
  6 draconian knights
  An iron dragon (Vaults:5)
  8 draconian shifters
  10 deep elf sorcerers
  17 vault wardens
  6 frost giants
  3 emperor scorpions
  5 draconian scorchers
  Louise (Spider:1)
  6 fire giants
  4 deep elf elementalists (Elf:3)
  8 ghost moths
  4 draconian stormcallers
  4 draconian annihilators
  2 spriggan defenders
  3 orc warlords
  3 very ugly things (Depths:2)
  21 ironbound preservers
  3 formless jellyfish
  The ghost of Peloso the Peltast, a journeyman MiFi of Okawaru (D:12)
  2 broodmothers (Spider:4)
  3 green draconians
  5 ironbound thunderhulks
  11 stone giants
  4 vampire knights
  9 purple draconians
  5 deep elf death magi
  10 yellow draconians
  13 red draconians
  15 deep elf demonologists
  A lorocyproca (Depths:2)
  8 white draconians
  7 black draconians
  A war gargoyle (Vaults:2)
  6 deep elf annihilators
  4 dire elephants (Vaults:1)
  13 spark wasps
  5 fire dragons
  15 ettins
  3 merfolk javelineers
  10 entropy weavers
  7 merfolk impalers
  A crystal guardian (Vaults:3)
  10 yaktaur captains
  11 deep elf high priests
  5 ice dragons
  A hell beast (Depths:1)
  6 rakshasas
  7 great orbs of eyes
  33 vault guards
  6 radroaches
  Harold (D:11)
  4 ironbound frosthearts
  2 spriggan air magi (Depths:3)
  4 caustic shrike simulacra (IceCv)
  A salamander tyrant (Depths:3)
  2 ghost crabs (Spider:1)
  3 jorogumos (Spider:4)
  23 centaur warriors
  A peacekeeper (Vaults:3)
  5 hydras
  2 ogre magi
  5 satyrs
  Erica (D:14)
  A catoblepas (Lair:2)
  An alligator snapping turtle (Shoals:3)
  10 boulder beetles
  3 merfolk avatars
  36 dancing weapons
  A death scarab (Spider:3)
  5 deep troll shamans
  3 merfolk aquamancers (Shoals:4)
  3 tengu warriors
  4 deep troll earth magi
  9 two-headed ogres
  2 occultists
  2 vampire magi
  2 orc high priests
  7 demonic crawlers
  Urug (D:14)
  A soul eater (Depths:1)
  5 spriggan berserkers
  Nergalle (D:11)
  2 naga sharpshooters (Depths:3)
  16 deep elf knights
  5 hell hogs
  A hell knight (Vaults:5)
  Sonja (D:11)
  3 sun demons (Depths:1)
  A fire crab (Lair:4)
  7 skysharks
  6 iron trolls
  A sixfirhy (Depths:2)
  A sea snake (shapeshifter) (Depths:3)
  6 pharaoh ants
  A shadow wraith (Vaults:5)
  52 deep trolls
  6 glowing orange brains
  11 sea snakes
  2 flayed ghosts
  8 orb spiders
  12 deep elf archers
  5 arcanists
  2 sun moths
  A deep troll (shapeshifter) (Depths:2)
  4 spriggan simulacra (IceCv)
  An obsidian statue (IceCv)
  9 steelbarb worms
  9 harpies
  3 phantasmal warriors
  2 bog bodies (IceCv)
  4 necromancers
  21 ironbound convokers
  8 orc knights
  3 lindwurms
  22 deep elf zephyrmancers
  23 deep elf pyromancers
  22 wolf spiders
  13 manticores
  7 cyclopes
  36 ugly things
  26 moths of wrath
  14 fauns
  7 orc sorcerers (Orc:2)
  A salamander (Depths:3)
  11 meliai
  6 elephants (Lair:5)
  Joseph (D:9)
  12 merfolk sirens
  4 black mambas
  8 apocalypse crabs (Zot:4)
  8 vault sentinels
  3 molten gargoyles (Lair:5)
  4 smoke demons
  4 torpor snails
  6 water nymphs
  A cane toad (shapeshifter) (Elf:1)
  A kobold blastminer (Orc:2)
  3 gargoyles
  2 hellions (Depths:1)
  7 cane toads
  An efreet (D:14)
  10 rime drakes
  12 komodo dragons
  A tengu conjurer (Depths:4)
  An ice devil (IceCv)
  30 yaktaurs
  13 freezing wraiths (IceCv)
  A rime drake (shapeshifter) (Depths:3)
  A queen bee (D:12)
  An anaconda simulacrum (IceCv)
  A polar bear (shapeshifter) (Elf:3)
  8 trolls
  A troll (shapeshifter) (Elf:1)
  3 polar bears
  6 wind drakes
  2 harpy zombies (Shoals:3)
  A hornet (D:12)
  3 tyrant leeches (Spider:1)
  23 merfolk
  4 alligator simulacra (IceCv)
  31 tarantellas
  8 saltlings (Orc:2)
  4 dream sheep (Lair:4)
  19 blink frogs
  9 snapping turtles
  An air elemental (Elf:1)
  3 shadows
  5 dire elephant simulacra (IceCv)
  25 culicivoras
  24 jumping spiders
  14 wyverns
  9 water elementals
  5 wraiths
  39 yaks
  22 slime creatures
  5 fire elementals
  A spriggan (shapeshifter) (Elf:1)
  10 basilisks
  3 steam dragons
  An elf skeleton (Vaults:2)
  51 redbacks
  3 wargs
  18 vampire mosquitoes
  Menkaure (D:5)
  3 harpy simulacra (IceCv)
  An acid dragon (D:11)
  2 nagas (Depths:3)
  4 hell hounds
  16 water moccasins
  A hydra simulacrum (IceCv)
  A laughing skull (D:14)
  2 ice beasts
  18 orc warriors
  4 ettin simulacra
  8 black bears
  8 ogres
  A boggart (Vaults:3)
  4 centaurs
  An elf simulacrum (Vaults:2)
  2 phantoms
  A weeping skull (D:4)
  4 kobold brigands
  2 earth elementals (Elf:1)
  A gnoll sergeant (D:9)
  11 bullfrogs
  4 scorpions
  A deep troll simulacrum (IceCv)
  8 wights
  14 killer bees
  6 lindwurm simulacra (IceCv)
  8 howler monkeys
  5 lava snakes (Lair:5)
  A bombardier beetle (D:7)
  5 gnoll boudas
  2 hounds
  16 orc priests
  13 iguanas
  2 sleepcaps
  6 hell rats (Lair:4)
  14 orc wizards
  47 gnolls
  4 adders
  A shadow imp (D:7)
  A white imp (D:7)
  2 ufetubi (D:6)
  3 ribbon worms (D:3)
  2 dart slugs
  68 orcs
  A bat zombie (Shoals:3)
  2 endoplasms (D:1)
  8 hobgoblins
  4 jackals
  5 quokkas
  15 ball pythons
  4 bats
  19 frilled lizards
  9 goblins
  34 kobolds
  12 rats
  A spectral orc (D:4)
  An aspiring flesh (Zot:2)
1962 creatures vanquished.

Vanquished Creatures (collateral kills)
  An orb of fire (Zot:5)
  Saint Roka (Depths:2)
  A caustic shrike (Depths:3)
  A golden dragon (Zot:4)
  Nikola (Shoals:1)
  An electric golem (Zot:5)
  A walking earthen tome (WizLab)
  7 tentacled monstrosities
  3 Orb Guardians (Zot:5)
  A sphinx (Vaults:4)
  A death cob (Zot:1)
  A quicksilver dragon (Zot:2)
  3 tengu reavers
  Donald (Vaults:1)
  2 shadow dragons
  3 draconian monks
  2 storm dragons (Zot:2)
  3 protean progenitors
  2 fire giants
  3 emperor scorpions
  4 frost giants
  2 draconian scorchers
  4 vault wardens
  A draconian stormcaller (Zot:3)
  A very ugly thing (Vaults:5)
  2 reapers
  A draconian annihilator (Zot:5)
  2 ironbound preservers (Vaults:2)
  5 stone giants
  2 ironbound thunderhulks
  2 red draconians
  3 green draconians (Zot:1)
  2 white draconians
  2 black draconians
  4 dire elephants (Vaults:1)
  3 yellow draconians
  2 purple draconians
  2 ettins
  4 fire dragons
  A yaktaur captain (Vaults:5)
  A deep elf high priest (Elf:3)
  An entropy weaver (Vaults:3)
  3 hydras
  5 vault guards
  3 rakshasas
  3 ironbound frosthearts
  A centaur warrior (Vaults:1)
  A satyr (Zot:4)
  2 tengu warriors
  A deep troll shaman (Depths:3)
  A deep elf knight (Elf:2)
  A hell knight (Depths:3)
  An iron troll (Depths:2)
  A pharaoh ant (Spider:4)
  2 arcanists (Vaults:2)
  5 deep trolls
  A steelbarb worm (Spider:4)
  2 ironbound convokers (Vaults:2)
  7 phantasmal warriors
  A goliath frog (shapeshifter) (Depths:4)
  5 harpies
  10 ugly things
  A cyclops (D:15)
  A manticore (D:14)
  A salamander (Depths:3)
  3 moths of wrath
  A merfolk siren (Shoals:1)
  2 vault sentinels
  A hellion (Depths:1)
  2 yaktaurs
  A hornet (Vaults:5)
  11 slime creatures
  A redback (Vaults:3)
  2 manticore zombies (Shoals:3)
173 creatures vanquished.

Vanquished Creatures (others)
  Asterion (Vaults:2)
  A draconian knight (Zot:3)
  A fire giant (Vaults:5)
  A rakshasa (WizLab)
  A merfolk aquamancer (Shoals:4)
  A hell hound (Lair:5)
6 creatures vanquished.

Grand Total: 2141 creatures vanquished

Notes
Turn   | Place    | Note
-------+----------+-------------------------------------------
     0 | D:1      | karambola the Octopode Alchemist began the quest for the
                  | Orb.
     0 | D:1      | Reached XP level 1. HP: 11/11 MP: 3/3
    20 | D:1      | Reached XP level 2. HP: 17/17 MP: 0/5
   569 | D:1      | Reached XP level 3. HP: 21/21 MP: 2/6
   972 | D:2      | Identified the +2 pair of boots "Qekol" {-Tele rElec Will+}
  1246 | D:2      | Reached XP level 4. HP: 25/27 MP: 1/8
  1339 | D:2      | Reached skill level 3 in Spellcasting
  1639 | D:2      | Learned a level 4 spell: Olgreb's Toxic Radiance
  1785 | D:3      | Reached XP level 5. HP: 31/31 MP: 4/9
  1915 | D:3      | Found a faded altar of an unknown god.
  2281 | D:3      | Reached XP level 6. HP: 37/37 MP: 9/11
  2352 | D:3      | Noticed a moth of wrath
  2354 | D:3      | Found a bloodstained altar of Trog.
  2395 | D:3      | Killed a moth of wrath
  2396 | D:3      | Reached skill level 5 in Spellcasting
  2396 | D:3      | Reached skill level 5 in Alchemy
  2396 | D:3      | Reached XP level 7. HP: 42/42 MP: 3/14
  2609 | D:3      | Found a shimmering altar of Xom.
  2613 | D:3      | Identified the +1 pair of gloves of Emox {Rampage rPois
                  | rN+}
  2615 | D:3      | Found a glowing silver altar of Zin.
  2622 | D:3      | Found a sacrificial altar of Ru.
  2761 | D:4      | Reached skill level 1 in Fighting
  2978 | D:4      | Found a staircase to the Ecumenical Temple.
  2991 | Temple   | Entered the Ecumenical Temple
  3007 | Temple   | Became a worshipper of Ashenzari the Shackled
  3161 | D:4      | Found Hameemon's Assorted Antiques.
  3166 | D:4      | Bought a ruby ring for 115 gold pieces
  3176 | D:4      | Reached skill level 1 in Long Blades
  3360 | D:5      | Entered Level 5 of the Dungeon
  3381 | D:5      | Reached XP level 8. HP: 20/48 MP: 7/16
  3703 | D:4      | Found a basalt altar of Yredelemnul.
  3718 | D:4      | Reached skill level 1 in Shields
  3956 | D:5      | Noticed Menkaure
  4518 | D:5      | Reached * piety under Ashenzari
  4916 | D:5      | Killed Menkaure
  4917 | D:5      | Reached skill level 6 in Spellcasting
  5236 | D:5      | Learned a level 4 spell: Sticky Flame
  5280 | D:6      | Identified a scroll of acquirement
  5401 | D:6      | Reached XP level 9. HP: 8/54 MP: 0/18
  5572 | D:6      | Acquired the ring "Cugigh" {rElec rF+ Will+ Str+4}
  6009 | D:6      | Found a burning altar of Makhleb.
  6009 | D:6      | Noticed a cacodemon
  6013 | D:6      | Noticed a hellwing
  6399 | D:6      | Identified the +0 scale mail "Sudukakh" {Rampage rF- rC+
                  | Dex+3}
  6573 | D:7      | Identified the +6 falchion of the Pits of Slime {heavy,
                  | *Slow rPois rC+ Will+++}
  6714 | D:7      | Found a shadowy altar of Dithmenos.
  6815 | D:7      | Reached skill level 7 in Spellcasting
  6849 | D:7      | Found a flagged portal.
  6919 | Bailey   | Entered a bailey
  6956 | Bailey   | Noticed an orc warlord
  7001 | Bailey   | Reached ** piety under Ashenzari
  7085 | Bailey   | Found a runed translucent gate.
  7087 | Bailey   | Found a runed translucent gate.
  7108 | Bailey   | Found a runed translucent gate.
  7115 | Bailey   | Noticed an orc knight
  7148 | Bailey   | Killed an orc knight
  7149 | Bailey   | Reached skill level 5 in Conjurations
  7391 | Bailey   | Killed an orc warlord
  7392 | Bailey   | Reached skill level 8 in Spellcasting
  7392 | Bailey   | Reached XP level 10. HP: 47/63 MP: 2/23
  7652 | D:7      | Found a hide-covered altar of Uskayaw.
  8139 | D:7      | Found an ornate altar of the Wu Jian Council.
  8189 | D:7      | Reached skill level 9 in Spellcasting
  8360 | D:7      | Reached XP level 11. HP: 67/67 MP: 25/25
  8729 | D:8      | Noticed ongoing's ghost (novice MiFi)
  8964 | D:8      | Found a transporter.
  8970 | D:8      | Noticed an oklob plant
  8980 | D:8      | Found a transporter.
  9102 | D:9      | Reached *** piety under Ashenzari
  9385 | D:9      | Reached skill level 1 in Fire Magic
  9876 | D:9      | Found an iron altar of Okawaru.
  9931 | D:9      | Noticed Joseph
  9946 | D:9      | Killed Joseph
 10004 | D:9      | Noticed a two-headed ogre
 10024 | D:9      | Killed a two-headed ogre
 10061 | D:9      | Found Nyacyl's Weapon Emporium.
 10314 | D:10     | Entered Level 10 of the Dungeon
 10330 | D:10     | Reached skill level 10 in Spellcasting
 10362 | D:10     | Noticed a two-headed ogre
 10380 | D:10     | Killed a two-headed ogre
 10381 | D:10     | Reached XP level 12. HP: 72/74 MP: 22/27
 10441 | D:10     | Reached **** piety under Ashenzari
 10618 | D:10     | Found a staircase to the Orcish Mines.
 10866 | D:10     | Found a staircase to the Lair.
 11297 | D:10     | Learned a level 3 spell: Swiftness
 11365 | Orc:1    | Entered Level 1 of the Orcish Mines
 11516 | Orc:1    | Noticed an ettin
 11542 | Orc:1    | Killed an ettin
 11704 | Orc:1    | Noticed an orc warlord
 11731 | Orc:1    | Killed an orc warlord
 11966 | Orc:2    | Entered Level 2 of the Orcish Mines
 12051 | Orc:2    | Reached ***** piety under Ashenzari
 12066 | Orc:2    | Found a staircase to the Elven Halls.
 12221 | Orc:2    | Reached skill level 11 in Spellcasting
 12374 | Orc:2    | Found a bloodstained altar of Trog.
 12756 | Orc:2    | Noticed a two-headed ogre
 12773 | Orc:2    | Killed a two-headed ogre
 12948 | Orc:2    | Noticed a sun demon
 12969 | Orc:2    | Noticed a two-headed ogre
 12992 | Orc:2    | Killed a two-headed ogre
 12993 | Orc:2    | Reached XP level 13. HP: 24/81 MP: 31/31
 13089 | Orc:2    | Reached skill level 10 in Alchemy
 13097 | Orc:2    | Noticed an orc warlord
 13136 | Orc:2    | Killed an orc warlord
 13137 | Orc:2    | Reached skill level 12 in Spellcasting
 13265 | Orc:2    | Found Tiptulei's General Store.
 13274 | Orc:2    | Found Hibokag's Assorted Antiques.
 13276 | Orc:2    | Found Hiteu's Antique Armour Boutique.
 13325 | Orc:2    | Found Wefys's Weapon Shop.
 13446 | Orc:2    | Bought a scroll of enchant armour for 105 gold pieces
 13727 | Orc:2    | Bought a wand of mindburst (8) for 156 gold pieces
 13727 | Orc:2    | Bought a scroll of revelation for 105 gold pieces
 13878 | Lair:1   | Entered Level 1 of the Lair of Beasts
 14427 | Lair:1   | Reached skill level 13 in Spellcasting
 14598 | Lair:1   | Reached skill level 5 in Fire Magic
 15409 | Lair:2   | Found a hole to the Spider Nest.
 15414 | Lair:2   | Reached XP level 14. HP: 90/90 MP: 36/36
 15706 | Lair:3   | Found a staircase to the Shoals.
 15785 | Lair:3   | Reached skill level 1 in Shapeshifting
 15838 | Lair:3   | Found a transporter.
 15920 | Lair:3   | Found a transporter.
 15920 | Lair:3   | Identified the +10 shortbow of Trial by Ordeal {flame,
                  | rPois Str+4 Int+3 Dex-3}
 15920 | Lair:3   | Identified the +1 helmet "Juhuc" {Rampage rPois rCorr}
 16595 | Lair:4   | Reached skill level 1 in Air Magic
 16763 | Lair:4   | Reached skill level 1 in Summonings
 16770 | Lair:4   | Reached skill level 1 in Earth Magic
 17438 | Lair:4   | Learned a level 4 spell: Summon Lightning Spire
 17883 | Lair:4   | Learned a level 3 spell: Passwall
 17889 | Lair:4   | Learned a level 5 spell: Lee's Rapid Deconstruction
 17905 | Lair:5   | Entered Level 5 of the Lair of Beasts
 18045 | Lair:5   | Found a viscous altar of Jiyva.
 18045 | Lair:5   | Found a staircase to the Slime Pits.
 18206 | Lair:5   | Reached skill level 14 in Spellcasting
 18704 | Lair:5   | Found a large runed translucent door.
 18704 | Lair:5   | Found a large runed translucent door.
 19091 | Lair:5   | Reached skill level 5 in Stealth
 19320 | Lair:5   | Reached XP level 15. HP: 97/97 MP: 20/38
 20168 | D:11     | Found Julot's Distillery.
 20178 | D:11     | Bought a potion of heal wounds for 70 gold pieces
 20178 | D:11     | Bought a potion of invisibility for 112 gold pieces
 20178 | D:11     | Bought 2 potions of curing for 84 gold pieces
 20411 | D:11     | Noticed Sonja
 20417 | D:11     | Killed Sonja
 20438 | D:11     | Noticed Nergalle
 20458 | D:11     | Killed Nergalle
 20542 | D:11     | Noticed Harold
 20558 | D:11     | Killed Harold
 21237 | D:12     | Found a transporter.
 21238 | D:12     | Found a transporter.
 21243 | D:12     | Noticed Peloso's ghost (journeyman MiFi)
 21462 | D:12     | Identified the amulet "Neug" {rN+ Regen+}
 21470 | D:12     | Found Ebam's Neck Hole.
 21601 | D:12     | Found Inasir's Assorted Antiques.
 21912 | D:12     | Bought a pearl ring for 165 gold pieces
 21912 | D:12     | Bought a scroll of blinking for 247 gold pieces
 22225 | D:12     | Killed Peloso's ghost
 22489 | D:13     | Learned a level 3 spell: Call Canine Familiar
 23453 | D:14     | Noticed Urug
 23472 | D:14     | Killed Urug
 23720 | D:14     | Noticed Erica
 23724 | D:14     | Killed Erica
 24034 | D:14     | Learned a level 5 spell: Freezing Cloud
 24251 | D:14     | Found a stormy altar of Qazlal.
 24284 | D:14     | Reached skill level 15 in Spellcasting
 24284 | D:14     | Reached skill level 5 in Earth Magic
 24349 | D:14     | Found a gate to the Vaults.
 24537 | D:14     | Reached XP level 16. HP: 76/101 MP: 35/39
 24898 | Shoals:1 | Entered Level 1 of the Shoals
 25019 | Shoals:1 | Found a runed translucent gate.
 25019 | Shoals:1 | Found a runed translucent gate.
 25019 | Shoals:1 | Found a runed translucent gate.
 25024 | Shoals:1 | Noticed Roxanne
 25128 | Shoals:1 | Noticed Nikola
 25152 | Shoals:1 | Killed Nikola
 25388 | Shoals:1 | Identified the +7 chain mail of the Black Moon {Str+4}
 25528 | Shoals:1 | Reached skill level 5 in Air Magic
 25587 | Shoals:1 | Reached skill level 10 in Conjurations
 25832 | Shoals:1 | Noticed Mlioglotl
 25943 | Shoals:2 | Identified the +1 hand axe of Umao {heavy, ^Contam rN+
                  | Dex+3}
 26714 | Shoals:2 | Reached skill level 1 in Ice Magic
 26921 | Shoals:2 | Reached skill level 5 in Summonings
 27095 | Shoals:3 | Found a flickering gateway to a bazaar.
 27160 | Bazaar   | Entered a bazaar
 27162 | Bazaar   | Found Epaziol's Distillery.
 27166 | Bazaar   | Found Noaruku's Assorted Antiques.
 27166 | Bazaar   | Found Yfiklieff's Jewellery Boutique.
 27166 | Bazaar   | Found Coloid's Assorted Antiques.
 27203 | Bazaar   | Bought a scroll labelled XAAPSO POONOM for 23 gold pieces
 27212 | Bazaar   | Bought an embroidered hat for 168 gold pieces
 27410 | Shoals:3 | Reached skill level 16 in Spellcasting
 28180 | Shoals:4 | Entered Level 4 of the Shoals
 28556 | Shoals:4 | Reached XP level 17. HP: 107/107 MP: 29/41
 29037 | Shoals:4 | Reached ****** piety under Ashenzari
 29482 | Shoals:4 | Got a barnacled rune of Zot
 29905 | Spider:1 | Entered Level 1 of the Spider Nest
 29914 | Spider:1 | Reached skill level 5 in Long Blades
 29962 | Spider:1 | Noticed Agnes
 29970 | Spider:1 | Killed Agnes
 30696 | Spider:1 | Noticed Louise
 30711 | Spider:1 | Killed Louise
 30872 | Spider:1 | Reached skill level 17 in Spellcasting
 31596 | Spider:2 | Found a glacial archway.
 31653 | IceCv    | Entered an ice cave
 32143 | IceCv    | Reached XP level 18. HP: 115/115 MP: 29/44
 32575 | IceCv    | Found an ancient bone altar of Kikubaaqudgha.
 32762 | IceCv    | Noticed a lich
 32775 | IceCv    | Killed a lich
 32779 | IceCv    | Reached skill level 1 in Evocations
 33494 | Spider:2 | Identified the +0 ring mail of Snakes and Ladders {Harm
                  | rElec Str+4 Dex-5}
 33711 | Spider:2 | Reached skill level 5 in Dodging
 35834 | Spider:4 | Entered Level 4 of the Spider Nest
 36487 | Spider:4 | Noticed Arachne
 36509 | Spider:4 | Killed Arachne
 36600 | Spider:4 | Identified the +0 chain mail "Tucixy" {+Inv Str+5}
 36641 | Spider:4 | Reached skill level 18 in Spellcasting
 36782 | Spider:4 | Reached XP level 19. HP: 99/124 MP: 26/47
 37588 | Spider:4 | Got a gossamer rune of Zot
 38055 | Spider:4 | Reached skill level 10 in Fire Magic
 38384 | D:15     | Entered Level 15 of the Dungeon
 38676 | D:15     | Reached skill level 5 in Ice Magic
 39159 | D:15     | Found a staircase to the Depths.
 39598 | D:15     | Identified the +5 trident of Defiance {venom, rPois rCorr
                  | Stlth+}
 39609 | D:15     | Learned a level 4 spell: Petrify
 40172 | Elf:1    | Entered Level 1 of the Elven Halls
 40480 | Elf:1    | Found Licu's Magic Scroll Boutique.
 40709 | Elf:1    | Found Joikumm's Distillery.
 40709 | Elf:1    | Found Ryaqelif's Assorted Antiques.
 40723 | Elf:1    | Learned a level 7 spell: Summon Hydra
 41284 | Elf:1    | Identified the +2 dagger "Tarosot" {spect, rF+ Dex+3}
 41771 | Elf:1    | Bought a potion of heal wounds for 85 gold pieces
 41771 | Elf:1    | Bought a potion of heal wounds for 85 gold pieces
 41819 | Elf:1    | Bought a scroll of acquirement for 936 gold pieces
 41819 | Elf:1    | Acquired 1066 gold pieces
 42332 | Elf:2    | Found a runed translucent gate.
 42332 | Elf:2    | Found a runed translucent gate.
 42333 | Elf:2    | Found a runed translucent gate.
 42633 | Elf:2    | Reached skill level 5 in Shapeshifting
 42756 | Elf:2    | Reached skill level 10 in Earth Magic
 42813 | Elf:2    | Reached XP level 20. HP: 123/129 MP: 19/48
 43211 | Elf:2    | Reached skill level 5 in Evocations
 43481 | Elf:3    | Entered Level 3 of the Elven Halls
 44209 | Elf:3    | Found a radiant altar of Vehumet.
 44391 | Elf:3    | Identified the amulet "Vyuf Gye" {RegenMP Str+3 Stlth+}
 44409 | Elf:3    | Identified the +5 scale mail of the Silversmith {Will+
                  | Regen+ Int+4 Slay-5}
 44859 | Elf:3    | Identified the +8 halberd "Voqyklytze" {speed, rN+ rCorr
                  | MP-9}
 44888 | Elf:3    | Identified the +3 chain mail "Jeofeh" {rPois Dex+2}
 44888 | Elf:3    | Identified the ring "Nedwac" {Str+3 SInv}
 45562 | Elf:3    | Identified the +3 halberd of the Nexus {heavy, *Noise rCorr
                  | Str+2 Int+2}
 45567 | Elf:3    | Noticed a Tzitzimitl
 46979 | Depths:1 | Entered Level 1 of the Depths
 47151 | Depths:1 | Found a one-way gate leading to the halls of Pandemonium.
 47443 | Depths:1 | Reached skill level 19 in Spellcasting
 48167 | Depths:1 | Learned a level 5 spell: Irradiate
 48450 | Depths:1 | Reached XP level 21. HP: 75/133 MP: 43/49
 48595 | Depths:1 | Found a gateway to Hell.
 49453 | Depths:2 | Noticed Saint Roka
 49627 | Depths:2 | Killed Saint Roka
 50082 | Depths:2 | Identified the +5 tower shield of Weirdness {rElec Regen+}
 50085 | Depths:2 | Found a one-way gateway to a ziggurat.
 50458 | Depths:2 | Found a corrupted altar of Lugonu.
 50458 | Depths:2 | Found a one-way gate to the infinite horrors of the Abyss.
 50670 | Vaults:1 | Entered Level 1 of the Vaults
 50677 | Vaults:1 | Reached skill level 10 in Air Magic
 51116 | Vaults:1 | Found a magical portal.
 51169 | WizLab   | Entered Tukima's Studio
 51671 | WizLab   | Identified the +6 hand cannon of Hetenum {penet, rF- Dex+4
                  | Stlth+}
 52022 | WizLab   | Noticed karambola's illusion
 52348 | Vaults:1 | Noticed Donald
 52354 | Vaults:1 | Killed Donald
 53714 | Vaults:1 | Reached XP level 22. HP: 116/141 MP: 51/51
 55165 | Vaults:2 | Noticed Asterion
 55173 | Vaults:2 | Killed Asterion
 55552 | Vaults:2 | Noticed Mara
 55555 | Vaults:2 | Reached skill level 10 in Summonings
 55555 | Vaults:2 | Noticed karambola's illusion
 55559 | Vaults:2 | Killed Mara
 55962 | Vaults:2 | Noticed Zenata
 55973 | Vaults:2 | Killed Zenata
 56971 | Vaults:2 | Identified the +7 short sword of Gaon {drain, rPois rF+}
 57282 | Vaults:2 | Identified the staff of Sloth {rC- rN+ rCorr Str+3 Earth}
 57285 | Vaults:2 | Identified the +4 mace of Sifekey {flame, rElec}
 57285 | Vaults:2 | Identified the amulet of Wytradimpy {RegenMP Fly rPois rC++
                  | rCorr}
 57366 | Vaults:2 | Reached skill level 20 in Spellcasting
 57551 | Vaults:2 | Learned a level 7 spell: Orb of Destruction
 57556 | Vaults:2 | Learned a level 4 spell: Ignite Poison
 57974 | Vaults:3 | Found Ruc Imed's Weapon Shoppe.
 58711 | Vaults:3 | Reached XP level 23. HP: 131/147 MP: 47/53
 59067 | Vaults:3 | Found a staircase to the Crypt.
 59067 | Vaults:3 | Found an ancient bone altar of Kikubaaqudgha.
 59067 | Vaults:3 | Found a basalt altar of Yredelemnul.
 61681 | Vaults:5 | Entered Level 5 of the Vaults
 61681 | Vaults:5 | Identified the +0 pair of gloves of Daisies {-Cast Regen+
                  | Str+4 SInv}
 61699 | Vaults:5 | Noticed a dread lich
 61717 | Vaults:5 | Identified Dispater's Guidebook on Bolts
 61739 | Vaults:5 | Killed a dread lich
 61774 | Vaults:5 | Noticed an ancient lich
 62254 | Vaults:5 | Reached skill level 10 in Evocations
 62404 | Vaults:5 | Identified the Textbook on the White Coals
 62414 | Vaults:5 | Found Bicsexij's Magic Scroll Shoppe.
 62455 | Vaults:5 | Reached XP level 24. HP: 141/153 MP: 20/53
 62833 | Vaults:5 | Identified Taelagomo's Papyrus of the Immovable Bones
 62879 | Vaults:5 | Identified the staff of Articulation {rPois rCorr Dex+3
                  | Hexes Alchemy}
 63184 | Vaults:5 | Identified the +6 dire flail of the Neverending Realms
                  | {venom, rN+}
 63308 | Vaults:5 | Identified the +3 scale mail of Theory {rPois Str-4 Int+2}
 63310 | Vaults:5 | Found Riajeut's Antique Armour Shoppe.
 63920 | Vaults:5 | Got a silver rune of Zot
 64144 | Vaults:5 | Killed an ancient lich
 64328 | Vaults:5 | Reached skill level 10 in Ice Magic
 64391 | Vaults:5 | Identified the +1 scale mail of the Shoals {Will+}
 64554 | Vaults:5 | Bought a scroll of enchant armour for 97 gold pieces
 65366 | Vaults:5 | Bought a scroll of acquirement for 676 gold pieces
 65366 | Vaults:5 | Acquired a book of the Spheres
 65585 | D:14     | Learned a level 6 spell: Plasma Beam
 65594 | D:14     | Learned a level 8 spell: Lehudib's Crystal Spear
 66702 | Depths:3 | Found a transporter.
 66971 | Depths:3 | Reached skill level 21 in Spellcasting
 67345 | Depths:3 | Identified the ring "Muggy" {rN+ Will+ Str+2 Int-4}
 67737 | Depths:3 | Identified the +2 falchion "Dragon's Tongue" {spect, Int-4
                  | Dex+8}
 67813 | Depths:3 | Identified the ring of Autotheism {Fly Int+2}
 67910 | Depths:3 | Noticed a caustic shrike
 67912 | Depths:3 | Killed a caustic shrike
 67913 | Depths:3 | Found a basalt altar of Yredelemnul.
 68278 | Depths:3 | Identified the ring of Veoby {Wiz rElec}
 68548 | Depths:3 | Found a burning altar of Makhleb.
 68554 | Depths:3 | Reached XP level 25. HP: 155/155 MP: 52/52
 68952 | Depths:3 | Found a transporter.
 69164 | Depths:4 | Entered Level 4 of the Depths
 69169 | Depths:4 | Found Medghisan's Antique Weapon Boutique.
 69203 | Depths:4 | Found Maotobak's Antique Armour Shop.
 69205 | Depths:4 | Found Utu Xipu's Jewellery Boutique.
 69236 | Depths:4 | Found a flickering gateway to a bazaar.
 69241 | Bazaar   | Entered a bazaar
 69247 | Bazaar   | Found Howugh's Antique Armour Emporium.
 69247 | Bazaar   | Found Waidwi's Weapon Emporium.
 69279 | Bazaar   | Found Kirul's General Store.
 69279 | Bazaar   | Found Xosiucyir's Antique Weapon Shoppe.
 69285 | Bazaar   | Bought a potion of heal wounds for 40 gold pieces
 69514 | Depths:4 | Identified the +4 lajatang of Roppah {spect, ^Contam rElec
                  | Will+ Dex+3}
 70342 | Depths:4 | Noticed Boris
 70348 | Depths:4 | Killed Boris
 70567 | Depths:4 | Acquired 983 gold pieces
 70584 | Depths:4 | Reached skill level 15 in Conjurations
 70810 | Depths:4 | Found a gate to the Realm of Zot.
 71034 | Zot:1    | Entered Level 1 of the Realm of Zot
 71039 | Zot:1    | Reached skill level 10 in Shapeshifting
 74658 | Zot:3    | Reached XP level 26. HP: 163/163 MP: 23/53
 74812 | Zot:3    | Learned a level 8 spell: Maxwell's Capacitive Coupling
 77041 | Zot:4    | Reached skill level 22 in Spellcasting
 77075 | Zot:5    | Entered Level 5 of the Realm of Zot
 77913 | Zot:5    | Noticed an ancient lich
 77918 | Zot:5    | Killed an ancient lich
 77928 | Zot:5    | Noticed a Killer Klown
 77942 | Zot:5    | Killed a Killer Klown
 77971 | Zot:5    | Noticed an orb of fire
 77974 | Zot:5    | Gained mutation: You have hidden genetic defects. [an orb
                  | of fire]
 77982 | Zot:5    | Killed an orb of fire
 78087 | Zot:5    | Identified the scarf of Impressiveness {repulsion, Dex+4}
 78104 | Zot:5    | Noticed a dread lich
 78107 | Zot:5    | Killed a dread lich
 78221 | Zot:5    | Noticed an orb of fire
 78225 | Zot:5    | Gained mutation: Your body sometimes deteriorates upon
                  | taking damage. [an orb of fire]
 78229 | Zot:5    | Killed an orb of fire
 78399 | Zot:5    | Reached skill level 15 in Earth Magic
 78530 | Zot:5    | Reached XP level 27. HP: 169/169 MP: 47/54
 78693 | Zot:5    | Gained mutation: You are dopey. (Int -2) [hidden defects]
 78713 | Zot:5    | Noticed an orb of fire
 78730 | Zot:5    | Gained mutation: You occasionally shout uncontrollably at
                  | your foes. [an orb of fire]
 78734 | Zot:5    | Killed an orb of fire
 78809 | Zot:5    | Noticed an orb of fire
 79004 | Zot:5    | Killed an orb of fire
 79006 | Zot:5    | Noticed an ancient lich
 79010 | Zot:5    | Killed an ancient lich
 79177 | Zot:5    | Noticed an ancient lich
 79180 | Zot:5    | Killed an ancient lich
 80724 | Zot:5    | Got the Orb of Zot
 81254 | D:$      | Escaped with the Orb!

Illustrated notes

Levels and vault maps discovered:
D:1:      dpeg_arrival_line_fractal, layout_basic
D:2:      layout_rooms
D:3:      layout_rooms, tgw_trog, gammafunk_temple_overflow_forgotten,
          nicolae_ecumenical_snake_handling
D:4:      layout_basic, yredelemnul_forgotten_temple_becter,
          minmay_temple_entry_stoned_glass, serial_shops,
          nicolae_shop_tiny_real_fake_doors, kennysheep_crisscross
D:5:      layout_layer_cave, uniq_menkaure
D:6:      layout_cave_pods, makhleb_altar_promises_db
D:7:      layout_loops_cross, lemuel_coloured_pillars_altar,
          mainiacjoe_overflow_paths, mainiacjoe_overflow_24_doors,
          lightli_bailey_entry_fortress
D:8:      hellmonk_destroyed_diamonds, layout_rooms, nzn_ghost_randoct,
          minmay_misc_feat_rows, st_stairs_5
D:9:      layout_loops_ring, hellmonk_okawaru_the_only_friend_you_need,
          serial_shops, shop_statue, uniq_joseph
D:10:     layout_long_grid, minmay_lair_entry_grove, david_orc_3, serial_glass,
          glass_columns_b, glass_columns_b, item_on_display_a
D:11:     layout_gridville, serial_shops, nicolae_lakefront_shop, uniq_nergalle,
          uniq_sonja, uniq_harold
D:12:     layout_stronghold, gammafunk_ghost_hive, serial_shops, shop,
          nicolae_shop_sticking_my_neck_out
D:13:     layout_irregular_city
D:14:     layout_roguey, skrybe_vaults_entry_preservation,
          nicolae_qazlal_general_emergency, sword_in_stone
D:15:     grunt_enter_depths_snipers, layout_layer_cave, minivault_24
Temple:   hc_temple_tempest_star
Lair:1:   lemuel_reptile_caves, layout_regular_city, st_stairs_3
Lair:2:   layout_big_grid, spider_nest_entry_rubble
Lair:3:   gammafunk_cloud_chamber, layout_gridlike,
          minmay_shoals_entry_lonely_mermaid
Lair:4:   layout_loops_ring, special_room [special_room_mythical_zoo],
          st_stairs_8, chequers_serial_rivers_small_b
Lair:5:   cheibrodos_lair_end_hotspot, layout_cellular_growth, slime_entry_1
Shoals:1: layout_shoals, nicolae_shoals_beach_cooler, uniq_roxanne, uniq_nikola,
          uniq_mlioglotl
Shoals:2: layout_shoals
Shoals:3: layout_shoals, serial_shops, bzr_entry_islet,
          nicolae_shoals_undead_eyrie
Shoals:4: shoals_end_hangedman, layout_shoals
Spider:1: layout_spider_delve, nicolae_spider_swamp_cousins,
          hangedman_spider_tarantella_strand, uniq_louise, uniq_agnes
Spider:2: layout_chambers, portal_ice_cave_entry_pillars_2
Spider:3: layout_chambers
Spider:4: hellmonk_spider_rune_bug_friends, uniq_arachne
Orc:1:    layout_diamond_mine, nicolae_orc_minecarts
Orc:2:    hellmonk_orc_salted, layout_diamond_mine, basic_altar
Elf:1:    elf_arrival_001, layout_geoelf_octagon, serial_shops,
          nicolae_shop_rolled_up, shop, nicolae_shop_industrial_runoff,
          evilmike_minifort
Elf:2:    elven_hall_of_blades_hangedman_original [nooodl_blade_entry_preview],
          layout_geoelf_octagon
Elf:3:    minmay_elf_hall_not_hex, layout_gridlike, basic_altar,
          grunt_megastairs_3
Vaults:1: mu_enter_wizlab_2, nicolae_vaults_network_quinsquares
          [nicolae_vaults_network_quincunx_subvault,
          nicolae_vaults_network_quincunx_subvault,
          nicolae_vaults_network_quincunx_subvault,
          nicolae_vaults_network_quincunx_subvault], hangedman_vaults_stitches,
          nicolae_vaults_fighting_squares, nicolae_vaults_diamond_2,
          nicolae_vaults_diagonal_hallway_7, nicolae_vaults_closet_pinwheel_3,
          ontoclasm_vaults_tryst, vaults_standard_mumra_enter_the_diamond,
          nicolae_vaults_surprise_closet, layout_vaults_omnigrid, uniq_donald
Vaults:2: nicolae_vaults_wine_cellar, v_misc_3, vaults_room_hallway,
          hangedman_vaults_capsules, ontoclasm_vaults_eye,
          nicolae_vaults_storing_the_good_stuff, nicolae_vaults_two_Ls,
          v_rooms_5, hangedman_vaults_trim, nicolae_vaults_tetromino_T_2,
          vaults_dpeg_hooks, layout_vaults_omnicross, uniq_zenata,
          uniq_asterion, uniq_mara
Vaults:3: hangedman_vaults_corner_blocks, v_alt_pattern_1, v_misc_17,
          nicolae_vaults_little_squares_4, hangedman_vaults_locks,
          nicolae_vaults_storage_room_glass,
          nicolae_vaults_variable_pillar_hall,
          nicolae_vaults_taking_the_gang_shopping,
          minmay_crypt_entry_necro_gods, nicolae_vaults_door_testing_chamber,
          vaults_dpeg_diagonal, nicolae_vaults_little_ls, v_pattern_1,
          nicolae_vaults_hallways_thing, layout_vaults_ring
Vaults:4: vaults_room_door_hall, v_alt_pattern_1, hangedman_vaults_corner,
          v_misc_4, nicolae_vaults_little_squares_6, nicolae_vaults_prndl,
          nicolae_vaults_border_crossing, nicolae_vaults_house_2,
          hangedman_vaults_river_flow, nicolae_vaults_asterisk,
          nicolae_vaults_two_Ls, nicolae_vaults_variable_pillar_hall_cross,
          grunt_vaults_twisty, ontoclasm_vaults_loading_screen,
          layout_vaults_chaotic_city
Vaults:5: serial_shops
Depths:1: layout_cave_shapes, hellmouth_2, rand_demon_pan_entry_3,
          hangedman_decor_riveting, water_boxes_lemuel
Depths:2: kennysheep_scales, layout_twisted_cross, enter_ziggurat_d, hell_entry,
          kennysheep_flooded_box, rand_demon_pan_entry_7,
          abyss_entry_flame_altar, uniq_saint_roka
Depths:3: hangedman_spin_cycle, abyss_entry, hell_entry
Depths:4: evilmike_zot_entry_diamond, layout_gridlike, hell_entry,
          hangedman_abyss_entry_splay, serial_shops, bzr_in_the_mist,
          minmay_shop_star, uniq_boris
Zot:1:    layout_misc_corridors
Zot:2:    layout_cathedral_of_symmetry
Zot:3:    layout_basic
Zot:4:    gammafunk_mikee_crab_dinner, layout_misc_corridors
Zot:5:    layout_cellular_growth, lemuel_baited_zot_trap

Skill      XL: |  1  2  3  4  5  6  7  8  9 10 11 12 13 14 15 16 17 18 19 20 21 22 23 24 25 26 27 |
---------------+----------------------------------------------------------------------------------+-----
Alchemy        | 4 5 6 7 8 9 11 | 11.8
Spellcasting   | 3 5 6 8 9 10 11 13 14 15 16 17 18 19 20 21 22 | 22.4
Conjurations   | 2 3 4 5 6 7 8 9 10 11 12 13 14 15 16 | 16.3
Stealth        | 3 4 5 6 |  6.9
Fighting       | 1 2 3 4 |  4.5
Long Blades    | 1 2 3 4 5 6 7 |  7.2
Shields        | 2 4 11 12 13 14 | 14.0
Fire Magic     | 2 4 5 6 7 8 9 10 11 12 13 14 | 14.5
Dodging        | 3 4 5 6 |  6.7
Shapeshifting  | 2 3 5 6 7 8 9 10 11 | 11.6
Air Magic      | 2 4 6 7 8 9 10 11 12 13 14 | 14.2
Summonings     | 2 3 5 6 7 9 10 11 12 13 | 13.8
Earth Magic    | 2 5 7 8 9 10 11 12 13 14 15 | 15.2
Ice Magic      | 1 2 4 5 7 8 9 10 | 10.1
Evocations     | 3 4 6 7 8 10 11 12 13 | 13.4
Short Blades   | |  0.6

Action                     |  1- 3 |  4- 6 |  7- 9 | 10-12 | 13-15 | 16-18 | 19-21 | 22-24 | 25-27 || total
---------------------------+-------+-------+-------+-------+-------+-------+-------+-------+-------++-------
  Melee: Unarmed           |     6 |       |       |       |       |       |       |       |       ||     6
         Tentacles         |     6 |     2 |    15 |    29 |    83 |    80 |    62 |    88 |    56 ||   421
         Constrict         |     2 |     2 |     8 |    35 |    41 |    41 |    41 |    32 |    24 ||   226
         Dagger            |     5 |     4 |       |       |       |       |       |       |       ||     9
         Short sword       |       |     5 |       |       |       |       |       |       |       ||     5
         Falchion          |       |     1 |    46 |   146 |   283 |   243 |   198 |   228 |   161 ||  1306
         Punch             |       |     1 |     2 |     2 |     8 |     3 |     6 |     5 |     4 ||    31
         Rapier            |       |       |    29 |       |       |       |       |       |       ||    29
         Long sword        |       |       |     5 |       |       |       |       |       |       ||     5
   Cast: Sting             |    49 |    47 |   111 |   150 |   242 |   179 |    15 |     6 |     3 ||   802
         Olgreb's Toxic Ra |       |     6 |    35 |   102 |   167 |   227 |   242 |   290 |   180 ||  1249
         Sticky Flame      |       |       |       |    22 |    34 |    76 |    19 |     9 |     2 ||   162
         Swiftness         |       |       |       |     2 |     1 |       |       |       |     1 ||     4
         Lee's Rapid Decon |       |       |       |       |    72 |    66 |   218 |    53 |     9 ||   418
         Summon Lightning  |       |       |       |       |    18 |    11 |    73 |    97 |    51 ||   250
         Call Canine Famil |       |       |       |       |     5 |       |     1 |     1 |       ||     7
         Freezing Cloud    |       |       |       |       |     4 |   191 |   174 |   187 |   102 ||   658
         Irradiate         |       |       |       |       |       |       |     3 |       |       ||     3
         Ignite Poison     |       |       |       |       |       |       |       |   105 |    81 ||   186
         Orb of Destructio |       |       |       |       |       |       |       |    33 |     5 ||    38
         Lehudib's Crystal |       |       |       |       |       |       |       |     6 |   126 ||   132
         Summon Hydra      |       |       |       |       |       |       |       |     4 |    41 ||    45
         Plasma Beam       |       |       |       |       |       |       |       |     1 |     7 ||     8
         Maxwell's Capacit |       |       |       |       |       |       |       |       |     7 ||     7
 Invoke: Curse Item        |       |       |     4 |     5 |     5 |     2 |       |     1 |     1 ||    18
         Shatter the Chain |       |       |       |       |     3 |     1 |     1 |     1 |       ||     6
  Evoke: Wand              |       |       |     8 |     8 |    15 |     1 |     1 |       |    38 ||    71
         Lightning rod     |       |       |       |       |       |     3 |       |     4 |       ||     7
    Use: Scroll            |     3 |       |     6 |     1 |     3 |     1 |    10 |    16 |     9 ||    49
         Potion            |       |       |     4 |     2 |     5 |     2 |    11 |     7 |     8 ||    39
   Stab: Sleeping          |       |       |     2 |     1 |     5 |     1 |       |       |       ||     9
         Distracted        |       |       |       |       |       |       |    10 |    10 |     5 ||    25
 Armour: Skin              |     7 |    12 |    63 |    80 |   151 |   152 |   177 |   181 |   238 ||  1061
  Dodge: Dodged            |    19 |    13 |    71 |    54 |   163 |   259 |   152 |   188 |   203 ||  1122
  Block: Tower shield      |       |       |       |   236 |   561 |   759 |   476 |   463 |   447 ||  2942
   Form: Statue            |       |       |       |       |       |       |       |       |     1 ||     1
                           |       |       |       |       |       |       |       |       |     1 ||     1
